 Dungeon Crawl Stone Soup version 0.20.1-1-g8b1a95d (webtiles) character file.

228 Thjof the Grave Robber (level 5, 4/36 HPs)
             Began as a Demonspawn Necromancer on Oct 27, 2017.
             Quit the game on level 3 of the Dungeon.
             The game lasted 00:37:20 (2631 turns).

Thjof the Grave Robber (Demonspawn Necromancer)     Turns: 2631, Time: 00:37:21

Health: 4/36       AC:  7    Str:  9    XL:     5   Next: 71%
Magic:  0/10       EV: 12    Int: 16    God:
Gold:   63         SH:  0    Dex: 14    Spells: 6/11 levels left

rFire    . . .     SeeInvis .   W - +2 falchion (slice)
rCold    . . .     Gourm    .   (no shield)
rNeg     . . .     Faith    .   C - +0 robe
rPois    .         Spirit   .   J - +2 helmet
rElec    .         Reflect  .   (no cloak)
rCorr    .         Harm     .   (no gloves)
MR       .....                  (no boots)
Stlth    ++........             (no amulet)
Regen    0.2/turn               (no ring)
MPRegen  0.2/turn               (no ring)

@: no status effects
A: claws 1, thin metallic scales 1, rot immunity
a: no special abilities


You were on level 3 of the Dungeon.
You were not hungry.

You visited 1 branch of the dungeon, and saw 3 of its levels.

You collected 63 gold pieces.

Inventory:

Hand Weapons
 a - a +0 spear of venom
 e - a +1 falchion of holy wrath
 f - a +0 whip
 k - a +0 flail
 m - a +0 morningstar
 z - a +1 vampiric hand axe
 F - a +0 club
 I - a +0 blowgun
 K - a +0 club
 L - a +0 dagger
 M - a +0 dagger
 P - a +0 club
 Q - a +0 short sword
 T - a +0 long sword
 U - a +0 dagger
 W - a +2 falchion of slicing (weapon)
Missiles
 g - 134 stones (quivered)
 v - 47 arrows
 w - 33 sling bullets
 D - 25 bolts
 H - 9 poisoned needles
Armour
 i - a +0 chain mail
 j - a +0 leather armour
 l - a +0 leather armour
 q - a +0 ring mail
 t - a +0 robe
 B - a +0 chain mail
 C - a +0 robe (worn)
 J - a +2 helmet (worn)
 N - a +0 robe
 R - a +0 robe
 V - a +0 robe
Jewellery
 S - a +3 ring of protection {unknown}
Scrolls
 d - 2 scrolls of teleportation {unknown}
 h - 4 scrolls of identify
 n - a scroll of enchant armour {unknown}
 o - a scroll of amnesia {unknown}
 y - 3 scrolls of remove curse {unknown}
 A - 2 scrolls of random uselessness {unknown}
 O - a scroll of magic mapping {unknown}
Potions
 p - a potion of cancellation {unknown}
 s - 2 potions of mutation {unknown}
 u - 2 potions of curing {unknown}
 x - a potion of heal wounds {unknown}
 E - a potion of brilliance {unknown}
 G - a potion of flight {unknown}
Books
 b - a book of Necromancy

   Spells                             Type                      Level
   a - Pain                           Necromancy                   1
   b - Animate Skeleton               Necromancy                   1
   c - Vampiric Draining              Necromancy                   3
   d - Regeneration                   Charms/Necromancy            3
   e - Animate Dead                   Necromancy                   4
   f - Control Undead                 Necromancy                   4
Comestibles
 c - 3 bread rations
 r - 2 chunks of flesh


   Skills:
 + Level 0.6 Fighting
 + Level 0.5 Polearms
 + Level 0.1 Throwing
 + Level 2.2 Dodging
 + Level 2.5 Stealth
 + Level 3.5 Spellcasting
 + Level 6.0 Necromancy


You had 6 spell levels left.
You knew the following spells:

 Your Spells              Type           Power        Failure   Level  Hunger
a - Pain                  Necr           ###.         1%          1    None
b - Animate Skeleton      Necr           N/A          1%          1    None
c - Regeneration          Chrm/Necr      ##........   16%         3    ###....


Dungeon Overview and Level Annotations

Branches:
Dungeon (3/15)

Altars:
Ru


Innate Abilities, Weirdness & Mutations

You have sharp fingernails.
You are partially covered in thin metallic scales. (AC +2)
You are immune to rotting.


Message History

The orc priest calls down the wrath of Beogh upon you.
You barely resist.
Casting: Pain
Confirm with . or Enter, or press ? or * to list all spells.
Aiming: Pain
Press: ? - help, Shift-Dir - straight line, f/p - orc priest
Aim: an orc priest, wielding a dagger (severely wounded, poisoned, chance to defeat MR: 80%)
The orc priest writhes in agony!
The orc priest calls down the wrath of Beogh upon you.
You barely resist. You hit the orc priest.
You kill the orc priest!
Things that are here:
a dagger; a flail; an orc corpse You see here a falchion of slicing.
W - a falchion of slicing Wield which item (- for none, * to show all)? (? for menu, Esc to quit)
Your +0 spear of venom stops dripping with poison.
W - a +2 falchion of slicing (weapon)
Are you sure you want to abandon this character and quit the game? (Confirm with "yes".)

###.## #...#########
##...........###
...............# ##
###.########..>. .# #
#........# #.# .# # #
#........###.##.###...
#..#####............#. #..#
#......@....... #..#
#####)###.##### ###..# #.#
#.# .....## #.# #.# ###...#
#.# #.# #...# #.# #.#
#...########.###.##########
#.#.##....................#
#.#.##...........########.#


There were no monsters in sight!

Vanquished Creatures
  2 orc priests (D:3)
  2 orc wizards (D:3)
  Terence (D:3)
  2 adders (D:2)
  A worm (D:2)
  A dart slug (D:1)
  A leopard gecko (D:2)
  7 orcs (D:3)
  A ball python (D:1)
  4 hobgoblins
  2 jackals (D:2)
  7 kobolds
  3 quokkas
  7 bats
  4 frilled lizards
  5 goblins
  7 rats
57 creatures vanquished.

Vanquished Creatures (collateral kills)
  2 hobgoblins
  A ball python (D:2)
  A bat (D:3)
  2 goblins
6 creatures vanquished.

Grand Total: 63 creatures vanquished

Notes
Turn   | Place    | Note
-------+----------+-------------------------------------------
     0 | D:1      | Thjof the Demonspawn Necromancer began the quest for the Orb.
     0 | D:1      | Reached XP level 1. HP: 13/13 MP: 3/3
   406 | D:1      | Gained mutation: You are immune to rotting. [demonic ancestry]
   406 | D:1      | Reached XP level 2. HP: 12/19 MP: 1/5
   417 | D:1      | Learned a level 1 spell: Animate Skeleton
  1153 | D:2      | Reached skill level 5 in Necromancy
  1206 | D:2      | Gained mutation: You have sharp fingernails. [demonic ancestry]
  1206 | D:2      | Reached XP level 3. HP: 19/24 MP: 1/6
  1958 | D:2      | Found a sacrificial altar of Ru.
  2052 | D:3      | Gained mutation: You are partially covered in thin metallic scales. (AC +2) [demonic ancestry]
  2052 | D:3      | Reached XP level 4. HP: 27/30 MP: 3/8
  2072 | D:3      | Learned a level 3 spell: Regeneration
  2162 | D:3      | Noticed Terence
  2177 | D:3      | Killed Terence
  2177 | D:3      | Reached XP level 5. HP: 27/36 MP: 0/9
  2614 | D:3      | Reached skill level 6 in Necromancy
  2631 | D:3      | Quit the game

Skill      XL: |  1  2  3  4  5 |
---------------+----------------+-----
Stealth        | 2 |  2.5
Necromancy     | 5 6 |  6.0
Spellcasting   | 3 |  3.5
Dodging        | 2 |  2.2
Fighting       | |  0.6
Polearms       | |  0.5
Throwing       | |  0.1

Action                   |  1- 3 |  4- 6 || total
-------------------------+-------+-------++-------
Melee: Dagger            |    42 |       ||    42
       Spear             |    36 |    39 ||    75
Throw: Stone             |     8 |       ||     8
 Cast: Pain              |    36 |    22 ||    58
       Animate Skeleton  |    16 |     5 ||    21
       Regeneration      |       |     2 ||     2
  Use: Scroll            |     1 |       ||     1
       Potion            |       |     1 ||     1
 Stab: Sleeping          |     5 |     1 ||     6
  Eat: Chunk             |     4 |       ||     4
       Bread ration      |       |     1 ||     1
Armor: Robe              |    19 |     9 ||    28
Dodge: Dodged            |    51 |    17 ||    68
